 Dungeon Sprint DCSS version 0.27-a0-637-g3a9f0a9c12 (webtiles) character file.

Game seed: 3376116674737011978

12749 mhtbhm the Severer (level 11, 0/112 HPs)
             Began as a Minotaur Fighter on Mar 14, 2021.
             Was the Champion of Trog.
             Slain by an efreet
             ... wielding a +3 scimitar of flaming
              (8 damage)
             ... in the Dungeon (Sprint VII: "The Pits").
             The game lasted 00:03:27 (2038 turns).

mhtbhm the Severer (Minotaur Fighter)               Turns: 2038, Time: 00:03:28

Health: 0/112      AC: 26    Str: 25    XL:     11   Next: 66%
Magic:  10/10      EV: 13    Int:  5    God:    Trog [******]
Gold:   0          SH: 14    Dex:  9    Spells: 10/10 levels left

rFire    . . .     SeeInvis .   a - +3 broad axe (flame)
rCold    . . .     Faith    .   c - +0 kite shield
rNeg     . . .     Spirit   .   b - +3 plate armour
rPois    .         Reflect  .   (helmet restricted)
rElec    .         Harm     .   r - +0 cloak
rCorr    .         Rampage  .   (no gloves)
Will     .....     NoTele   +   s - +0 pair of boots
Stlth    ..........             (no amulet)
HPRegen  0.28/turn              o - +3 ring of evasion
MPRegen  0.12/turn              p - +3 ring of protection

@: berserk cooldown, slowed, very slow
A: horns 2, retaliatory headbutt
a: Renounce Religion, Berserk, Trog's Hand, Brothers in Arms


You were in the Dungeon.
You worshipped Trog.
Trog was exalted by your worship.
You visited 1 branch

Inventory:

Hand Weapons
 a - a +3 broad axe of flaming (weapon)
Missiles
 m - a throwing net (quivered)
 n - a curare-tipped dart
Armour
 b - a +3 plate armour (worn)
 c - a +0 kite shield (worn)
 r - a +0 cloak (worn)
 s - a +0 pair of boots (worn)
Jewellery
 o - a +3 ring of evasion (right hand)
 p - a +3 ring of protection (left hand)
Wands
 t - a wand of acid (10)
Scrolls
 j - a scroll of blinking
 l - a scroll of summoning
Potions
 d - 2 potions of might
 e - 8 potions of curing
 f - 12 potions of heal wounds
 g - a potion of haste
 h - 4 potions of magic
 i - 4 potions of berserk rage
 k - 2 potions of invisibility
 q - 2 potions of mutation


   Skills:
 + Level 15.3 Fighting
 + Level 19.1 Axes
 + Level 14.9 Armour
 + Level 8.4 Dodging
 + Level 16.4 Shields


You had 10 spell levels left.
You didn't know any spells.
Your spell library was empty.

Dungeon Overview and Level Annotations

Branches:
Dungeon (1/1)

Altars:
Ashenzari
Cheibriados
Dithmenos
Elyvilon
Fedhas
Gozag
Hepliaklqana
Kikubaaqudgha
Makhleb
Nemelex Xobeh
Okawaru
Qazlal
Ru
Sif Muna
Trog
Uskayaw
Vehumet
Wu Jian
Xom
Yredelemnul
Zin
The Shining One
Beogh
Jiyva
Lugonu

Annotations:
D Erolcha


Innate Abilities, Weirdness & Mutations

You have a pair of horns on your head.
You reflexively headbutt those who attack you in melee.


Message History

The sun demon is severely wounded.
You block the sun demon's attack.
Unknown command.
You miss the sun demon.
The sun demon is severely wounded.
You slash the bog body! You burn the bog body.
You block the sun demon's attack.
Unknown command.
You slice the sun demon!!
You kill the sun demon!
Trog accepts your kill.
You slash the bog body! You burn the bog body. You block the bog body's attack.
Your Fighting skill increases to level 15!
Your Axes skill increases to level 19!
Unknown command.
You completely miss the bog body. You headbutt the bog body!
The bog body is almost destroyed.
You are no longer berserk.
You are exhausted.
You feel yourself slow down.
Unknown command.
You hit the efreet but do no damage. You headbutt the efreet!
The efreet is moderately wounded.
You slash the bog body!
You destroy the bog body!
Trog accepts your kill.
Trog appreciates your killing of a magic user.
The efreet gestures at you. The bolt of fire hits you!
* * * LOW HITPOINT WARNING * * *
You hit the efreet. Your headbutt misses the efreet.
The efreet is heavily wounded.
The efreet gestures at you. The bolt of fire hits you!!
* * * LOW HITPOINT WARNING * * *
You slice the efreet!!
The efreet is almost dead.
Erolcha the Cunning comes into view.
She is wielding a +0 giant spiked club.
The efreet hits you with a +3 scimitar of flaming!
You die...

############ ## #######
####### .###..+...#
....... .##..##...###
....... ##..###...+.##
...... .....##.)÷#..##
....#
###...##)##...###O..###
..##..#...#)).#).†....#
...+..'(..))).'†@.....#
..##..#)..#)).#.)R....#
###...##'##.).###...###
.....##...#..## ....#
##..###...+.## ......
.##..##...### .......
.###..+...# ....... ##
####### #######


You could see Erolcha (wandering) and an efreet.

Vanquished Creatures
  Harold (D)
  Erica (D)
  A sun demon (D)
  A fire crab (D)
  5 skeletal warriors (D)
  A deep elf zephyrmancer (D)
  A bog body (D)
  A lindwurm (D)
  A deep elf pyromancer (D)
  A cyclops (D)
  A naga mage (D)
  A gargoyle (D)
  An efreet (D)
  A tyrant leech (D)
  2 guardian mummies (D)
  A wind drake (D)
  4 blink frogs (D)
  A small abomination (D)
  2 redbacks (D)
  A shadow (D)
  A fire bat (D)
  A hog (shapeshifter) (D)
  Grum (D)
  An acid dragon (D)
  2 nagas (D)
  Duvessa (D)
  A water moccasin (D)
  A black bear (D)
  3 wolves (D)
  2 centaurs (D)
  A kobold brigand (D)
  Dowan (D)
  4 wights (D)
  A quasit (D)
  An iguana (D)
  2 orc wizards (D)
  A worker ant (D)
  4 gnolls (D)
  A river rat (D)
  2 ufetubi (D)
  An ooze (D)
  A worm (D)
  3 leopard geckos (D)
  An orc (D)
  A bat skeleton (D)
  A bat zombie (D)
  A giant cockroach (D)
  A hobgoblin (D)
  A quokka (D)
  2 ball pythons (D)
  2 frilled lizards (D)
76 creatures vanquished.

Vanquished Creatures (collateral kills)
  A naga ritualist (D)
  A naga (D)
2 creatures vanquished.

Grand Total: 78 creatures vanquished

Notes
Turn   | Place    | Note
-------+----------+-------------------------------------------
     0 | D        | mhtbhm the Minotaur Fighter began the quest for the Orb.
     0 | D        | Reached XP level 1. HP: 19/19 MP: 0/0
    18 | D        | Found a bloodstained altar of Trog.
    18 | D        | Found a shimmering blue altar of Sif Muna.
    18 | D        | Found a viscous altar of Jiyva.
    18 | D        | Found a hazy altar of Hepliaklqana.
    18 | D        | Found an opulent altar of Gozag.
    19 | D        | Found a glowing golden altar of the Shining One.
    19 | D        | Found a glowing silver altar of Zin.
    19 | D        | Found a basalt altar of Yredelemnul.
    19 | D        | Found a shimmering altar of Xom.
    19 | D        | Found an ornate altar of the Wu Jian Council.
    19 | D        | Found a sacrificial altar of Ru.
    19 | D        | Found a stormy altar of Qazlal.
    19 | D        | Found an iron altar of Okawaru.
    19 | D        | Found a sparkling altar of Nemelex Xobeh.
    19 | D        | Found a burning altar of Makhleb.
    19 | D        | Found a blossoming altar of Fedhas.
    19 | D        | Found a white marble altar of Elyvilon.
    19 | D        | Found a shadowy altar of Dithmenos.
    19 | D        | Found a snail-covered altar of Cheibriados.
    21 | D        | Found a radiant altar of Vehumet.
    21 | D        | Found a corrupted altar of Lugonu.
    23 | D        | Became a worshipper of Trog the Wrathful
    68 | D        | Reached XP level 2. HP: 8/28 MP: 1/1
   286 | D        | Reached * piety under Trog
   287 | D        | Reached skill level 5 in Armour
   287 | D        | Reached skill level 5 in Shields
   298 | D        | Reached skill level 5 in Fighting
   300 | D        | Reached ** piety under Trog
   304 | D        | Reached skill level 3 in Axes
   311 | D        | Reached XP level 3. HP: 26/36 MP: 2/2
   427 | D        | Noticed a fire bat
   428 | D        | Noticed Dowan
   433 | D        | Killed a fire bat
   433 | D        | Noticed Duvessa
   434 | D        | Reached skill level 5 in Axes
   434 | D        | Reached XP level 4. HP: 47/47 MP: 3/3
   434 | D        | Reached XP level 5. HP: 52/52 MP: 4/4
   435 | D        | Reached *** piety under Trog
   436 | D        | Reached skill level 6 in Axes
   441 | D        | Reached **** piety under Trog
   445 | D        | Killed Duvessa
   446 | D        | Reached skill level 7 in Axes
   446 | D        | Reached XP level 6. HP: 44/62 MP: 5/5
   460 | D        | Reached skill level 1 in Dodging
   470 | D        | Killed Dowan
   471 | D        | Reached skill level 8 in Axes
   495 | D        | Reached ***** piety under Trog
   498 | D        | Noticed Harold
   512 | D        | Killed Harold
   513 | D        | Reached skill level 10 in Axes
   513 | D        | Reached skill level 10 in Armour
   513 | D        | Reached skill level 5 in Dodging
   513 | D        | Reached XP level 7. HP: 69/71 MP: 6/6
   513 | D        | Reached XP level 8. HP: 77/79 MP: 7/7
   627 | D        | Reached skill level 10 in Fighting
   627 | D        | Reached skill level 11 in Axes
   636 | D        | Received a gift from Trog
   658 | D        | Noticed a deep elf zephyrmancer
   658 | D        | Noticed a gargoyle
   665 | D        | Killed a gargoyle
   666 | D        | Killed a deep elf zephyrmancer
   667 | D        | Reached skill level 12 in Axes
   667 | D        | Reached XP level 9. HP: 86/86 MP: 2/8
   799 | D        | Found a hide-covered altar of Uskayaw.
   799 | D        | Found an ancient bone altar of Kikubaaqudgha.
   799 | D        | Found a broken altar of Ashenzari.
   826 | D        | Noticed a tyrant leech
   838 | D        | Killed a tyrant leech
   899 | D        | Noticed a guardian mummy
   905 | D        | Received a gift from Trog
   906 | D        | Killed a guardian mummy
   907 | D        | Reached skill level 13 in Axes
   907 | D        | Noticed Grum
   915 | D        | Reached ****** piety under Trog
   918 | D        | Killed Grum
   918 | D        | Received a gift from Trog
   919 | D        | Reached skill level 14 in Axes
  1023 | D        | Noticed a fire crab
  1033 | D        | Killed a fire crab
  1262 | D        | Noticed a guardian mummy
  1267 | D        | Reached XP level 10. HP: 97/97 MP: 9/9
  1275 | D        | Reached skill level 15 in Axes
  1288 | D        | Noticed a lindwurm
  1290 | D        | Noticed a deep elf pyromancer
  1293 | D        | Received a gift from Trog
  1296 | D        | Killed a deep elf pyromancer
  1296 | D        | Killed a lindwurm
  1297 | D        | Reached skill level 16 in Axes
  1336 | D        | Noticed a cyclops
  1343 | D        | Killed a cyclops
  1384 | D        | Noticed Erica
  1388 | D        | Received a gift from Trog
  1389 | D        | Reached skill level 15 in Shields
  1392 | D        | Killed Erica
  1393 | D        | Reached skill level 17 in Axes
  1687 | D        | Noticed a skeletal warrior
  1687 | D        | Noticed a skeletal warrior
  1687 | D        | Noticed a skeletal warrior
  1687 | D        | Noticed a naga mage
  1690 | D        | Noticed a naga ritualist
  1699 | D        | Killed a skeletal warrior
  1699 | D        | Received a gift from Trog
  1700 | D        | Reached XP level 11. HP: 108/108 MP: 10/10
  1703 | D        | Killed a skeletal warrior
  1704 | D        | Reached skill level 18 in Axes
  1705 | D        | Killed a skeletal warrior
  1708 | D        | Killed a naga ritualist
  1709 | D        | Received a gift from Trog
  2006 | D        | Noticed a skeletal warrior
  2007 | D        | Noticed a sun demon
  2020 | D        | Noticed a skeletal warrior
  2021 | D        | Noticed a bog body
  2022 | D        | Killed a skeletal warrior
  2029 | D        | Killed a skeletal warrior
  2029 | D        | Received a gift from Trog
  2034 | D        | Killed a sun demon
  2035 | D        | Reached skill level 15 in Fighting
  2035 | D        | Reached skill level 19 in Axes
  2036 | D        | Killed a bog body
  2038 | D        | Noticed Erolcha
  2038 | D        | Slain by an efreet

Illustrated notes

Levels and vault maps discovered:
D:        pitsprint [storerooms_1, entrance_room_1, metal_vault_5, armoury_1,
          mini_pit_1, grid_room_1, main_hall_1, silver_pit, the_coven_3,
          the_vestibule_1, steel_vault_3, golden_pit, hallway_of_sentries,
          crystal_vault_2, iron_vault_4, final_vault]

Skill      XL: |  1  2  3  4  5  6  7  8  9 10 11 |
---------------+----------------------------------+-----
Fighting       | 4 5 7 8 9 10 11 13 15 | 15.3
Armour         | 4 5 7 9 10 11 13 14 | 14.9
Shields        | 4 5 7 9 11 13 14 15 16 | 16.4
Axes           | 3 5 7 10 12 14 17 19 | 19.1
Dodging        | 5 6 8 |  8.4

Action                   |  1- 3 |  4- 6 |  7- 9 | 10-12 || total
-------------------------+-------+-------+-------+-------++-------
Melee: Hand axe          |    30 |    46 |    17 |       ||    93
       Headbutt          |     4 |     3 |    12 |    12 ||    31
       War axe           |     1 |       |    33 |    51 ||    85
       Broad axe         |       |       |     6 |    27 ||    33
Invok: Berserk           |     1 |     1 |     4 |     4 ||    10
       Brothers in Arms  |       |       |       |     1 ||     1
Armor: Scale mail        |     6 |       |       |       ||     6
       Ring mail         |     2 |    31 |     2 |       ||    35
       Plate armour      |       |       |    11 |    31 ||    42
Dodge: Dodged            |     9 |    26 |    13 |    19 ||    67
Block: Kite shield       |    12 |    40 |    33 |    44 ||   129

Table legend: (Time is in decaauts)
 A = Elapsed time spent in this place.
 B = Non-inter-level travel time spent in this place.
 C = Inter-level travel time spent in this place.
 D = Time resting spent in this place.
 E = Time spent auto-exploring this place.
 F = Levels seen in this place.
 G = Mean time per level.
                   A        B        C        D        E       F      G
               +--------+--------+--------+--------+--------+-----+--------+
         Total |   2086 |   2086 |      0 |   1336 |    149 |   1 | 2086.0 |
       Dungeon |   2086 |   2086 |      0 |   1336 |    149 |   1 | 2086.0 |
               +--------+--------+--------+--------+--------+-----+--------+

Top non-repeatable levels by time:
       D: 2086 daAuts
